 Dungeon Crawl Stone Soup version 0.28-a0-1143-gcf6077d4cc (webtiles) character file.

Game seed: 16024850496815673155

74 spaghetti the Skirmisher (level 4, -1/49 HPs)
             Began as an Ogre Artificer on Dec 14, 2021.
             Was a High Priest of Ignis.
             Slain by a kobold (4 damage)
             ... on level 2 of the Dungeon.
             The game lasted 00:06:49 (3353 turns).

spaghetti the Skirmisher (Ogre Artificer)           Turns: 3353, Time: 00:06:50

Health: -1/49      AC:  4    Str: 18    XL:     4   Next: 30%
Magic:  4/4        EV: 10    Int: 12    God:    Ignis [*****.]
Gold:   24         SH:  0    Dex:  9    Spells: 3/3 levels left

rFire   + . .      SeeInvis .   a - +0 club {mace}
rCold   . . .      Faith    .   (no shield)
rNeg    . . .      Spirit   .   b - +0 robe
rPois   .          Reflect  .   (helmet restricted)
rElec   .          Harm     .   j - +0 cloak
rCorr   .          Rampage  .   (gloves unavailable)
Will    .....                   (boots unavailable)
Stlth   +.........              (no amulet)
HPRegen 0.16/turn               h - ring of flight
MPRegen 0.09/turn               (no ring)

@: flying
A: large, unfitting armour, tough skin 1
a: Renounce Religion, Fiery Armour, Foxfire Swarm, Rising Flame


You were on level 2 of the Dungeon.
You worshipped Ignis.
Ignis was extremely pleased with you.
You visited 1 branch of the dungeon, and saw 3 of its levels.

You collected 24 gold pieces.


Innate Abilities, Weirdness & Mutations

You are too large for most types of armour.
You have tough skin. (AC +1)


   Skills:
 + Level 4.8 Fighting
 + Level 1.4 Throwing
 - Level 2.1 Dodging
 - Level 0.6 Stealth
 - Level 2.4 Evocations


You had 3 spell levels left.
You didn't know any spells.
Your spell library was empty.

Inventory:

Hand Weapons
 a - a +0 club (weapon) {mace}
Missiles
 f - 54 stones (quivered) {throwing}
 g - 20 sling bullets
Armour
 b - a +0 robe (worn)
 j - a +0 cloak (worn)
   (You found it on level 2 of the Dungeon)
Magical Staves
 c - a staff of cold {!astaff}
   (You found it on level 2 of the Dungeon)
Jewellery
 h - a ring of flight (left hand)
   (You found it on level 1 of the Dungeon)
Wands
 d - a wand of charming (11)
Scrolls
 i - a scroll of teleportation {unknown}
Miscellaneous
 e - a piece from Xom's chessboard (9/15)

Dungeon Overview and Level Annotations

Branches:
Dungeon (3/15)

Altars:
Ignis

## #..# #.# #.#
#..#+##### #..# #.# #.#
##.#.# #... ..# #.#
#...# #..# ### #.# #...#
#.# ##..# #.# #..#
#####.#####..##
#.............#
###@##..........#
###.#K##..........#
.##......#...#####......
......<.##...# #......
....#.#.##...# #......
### #........# #......
#.#.##.#.# #......
...(... ..>... .# ...


You could see a kobold.


Message History

You are too injured to fight recklessly!
You are too injured to fight recklessly!
You are too injured to fight recklessly!
You are too injured to fight recklessly!
You are too injured to fight recklessly!
You are too injured to fight recklessly!
You are too injured to fight recklessly!
You are too injured to fight recklessly!
You are too injured to fight recklessly!
You are too injured to fight recklessly!
You hit the adder.
You feel sick.
You are no longer poisoned.
The adder closely misses you.
The kobold hits you with a +0 short sword.
The adder closely misses you.
The kobold hits you with a +0 short sword.
* * * LOW HITPOINT WARNING * * *
😨 HP[-8]
You take 8 damage, and now have 22/49 hp.
You barely miss the adder. The adder closely misses you.
The kobold barely misses you.
You completely miss the adder.
The adder bites you but does no damage. x2
The kobold hits you but does no damage.
You closely miss the adder. The adder bites you but does no damage.
The kobold hits you with a +0 short sword.
* * * LOW HITPOINT WARNING * * *
The adder bites you.
* * * LOW HITPOINT WARNING * * *
You are poisoned.
The adder poisons you! 😨 HP[-5]
You take 5 damage, and now have 17/49 hp.
You feel sick. 😨 HP[-1]
You take 1 damage, and now have 16/49 hp.
You feel sick. The kobold closely misses you.
You feel sick.
The adder bites you but does no damage. 😨 HP[-1]
You take 1 damage, and now have 15/49 hp.
You make a move on Xom's chessboard...
The kobold struggles to resist.
You feel sick. The adder bites you but does no damage.
Unknown command. 😨 HP[-1]
You take 1 damage, and now have 14/49 hp.
Unknown command.
You make a move on Xom's chessboard...
The kobold falls asleep!
You feel sick.
You are no longer poisoned.
The adder completely misses you. 😨 HP[-1]
You take 1 damage, and now have 13/49 hp.
You make a move on Xom's chessboard...
The kobold shouts!
The kobold struggles to resist.
The adder bites you.
* * * LOW HITPOINT WARNING * * *
You are poisoned.
The adder poisons you! 😱 HP[-1]
You take 1 damage, and now have 12/49 hp.
Unknown command.
You aren't carrying any potions.
Aiming: Charm
Press: ? - help, Shift-Dir - straight line, f - adder
Aim: an adder (severely wounded, chance to affect: 62%)
The adder is charmed.
You feel sick.
The kobold hits your adder with a +0 short sword.
Your adder dies! 😱 HP[-2]
You take 2 damage, and now have 10/49 hp.
Throw: 55 stones {throwing}
Press: ? - help, Q - select action, (/) - cycle Shift-Dir - straight line, f - kobold
Aim: a kobold, wielding a +0 short sword (47% to hit)
You throw a stone {throwing}.
The stone {throwing} closely misses the kobold.
You feel sick. The kobold hits you but does no damage.
You hit the kobold.
You feel sick.
The kobold hits you but does no damage. 😱 HP[-1]
You take 1 damage, and now have 9/49 hp.
You hit the kobold but do no damage.
You feel sick. The kobold barely misses you. 😱 HP[-1]
You take 1 damage, and now have 8/49 hp.
You miss the kobold.
You feel sick.
You are no longer poisoned.
The kobold hits you with a +0 short sword.
* * * LOW HITPOINT WARNING * * *
The kobold hits you with a +0 short sword.
* * * LOW HITPOINT WARNING * * *
😱 HP[-6]
You take 6 damage, and now have 2/49 hp.
Unknown command.
Aiming: Charm
Press: ? - help, Shift-Dir - straight line, f/p - kobold
Aim: a kobold, wielding a +0 short sword (severely wounded, chance to affect: 70%)
The kobold struggles to resist.
The kobold barely misses you.
Aiming: Charm
Press: ? - help, Shift-Dir - straight line, f/p - kobold
Aim: a kobold, wielding a +0 short sword (severely wounded, chance to affect: 70%)
The kobold struggles to resist.
The kobold hits you with a +0 short sword.
You die...

Skill      XL: |  1  2  3 |
---------------+----------+-----
Fighting       | 2 4 |  4.8
Throwing       | 1 |  1.4
Dodging        | |  2.1
Stealth        | |  0.6
Evocations     | |  2.4

Action                   |  1- 3 |  4- 6 || total
-------------------------+-------+-------++-------
Melee: Club              |   153 |    26 ||   179
Throw: Stone             |    11 |     1 ||    12
Evoke: Wand              |    16 |     3 ||    19
       Piece from Xom's  |     4 |     3 ||     7
 Stab: Sleeping          |       |     1 ||     1
Armor: Robe              |    94 |    15 ||   109
Dodge: Dodged            |   157 |    17 ||   174

Levels and vault maps discovered:
D:1:      dpeg_arrival_shrine, layout_basic,
          shapermc_ecumenical_altar_hornbeckon, nicolae_wormholes
D:2:      layout_basic
D:3:      layout_loops_cross, serial_park_tiny_1, kennysheep_generic_room_7

Notes
Turn   | Place    | Note
-------+----------+-------------------------------------------
     0 | D:1      | spaghetti the Ogre Artificer began the quest for the Orb.
     0 | D:1      | Reached XP level 1. HP: 19/19 MP: 1/1
     0 | D:1      | magus.rc [v1.9.6]
   272 | D:1      | Reached skill level 2 in Fighting
   411 | D:1      | Reached XP level 2. HP: 28/29 MP: 2/2
   482 | D:1      | Reached skill level 3 in Fighting
  1828 | D:1      | Found a faded altar of an unknown god.
  1834 | D:1      | Prayed at the altar of an unknown god.
  1834 | D:1      | Became a worshipper of Ignis, the Dying Flame
  1888 | D:2      | Reached skill level 4 in Fighting
  1888 | D:2      | Reached XP level 3. HP: 16/39 MP: 3/3
  3035 | D:2      | Reached skill level 1 in Throwing
  3035 | D:2      | Reached XP level 4. HP: 34/49 MP: 4/4
  3346 | D:2      | HP: 12/49 [adder (1)]
  3351 | D:2      | HP: 7/49 [poisoned by an adder]
  3351 | D:2      | HP: 3/49 [kobold (4)]
  3353 | D:2      | Slain by a kobold

Vanquished Creatures
  3 adders (D:2)
  2 worms (D:2)
  An orc (D:3)
  An endoplasm (D:2)
  A giant cockroach (D:1)
  A goblin (D:1)
  2 hobgoblins (D:1)
  4 kobolds
  3 quokkas
  4 ball pythons
  7 bats
  A frilled lizard (D:2)
  2 rats
32 creatures vanquished.

Vanquished Creatures (collateral kills)
  A goblin (D:2)
1 creature vanquished.

Vanquished Creatures (others)
  An adder (D:2)
1 creature vanquished.

Grand Total: 34 creatures vanquished

Table legend:
 A = Non-vault XP
 B = Vault XP
 C = Vault XP percentage of total XP
 D = Non-vault monster count
 E = Vault monster count
 F = Vault count percentage of total count
                 A         B        C        D         E       F
            +---------+---------+-------+---------+---------+-------
      Total |     102 |       5 |   4.7 |      33 |       1 |   2.9
            +---------+---------+-------+---------+---------+-------
        D:1 |      27 |       0 |   0.0 |      16 |       0 |   0.0
        D:2 |      72 |       5 |   6.5 |      16 |       1 |   5.9
        D:3 |       3 |       0 |   0.0 |       1 |       0 |   0.0
            +---------+---------+-------+---------+---------+-------

Illustrated notes

Table legend:
 A = Kills in this place as a percentage of kills in entire the game.
 B = Kills by you in this place as a percentage of kills by you in the entire game.
 C = Kills by friends in this place as a percentage of kills by friends in the entire game.
 D = Other kills in this place as a percentage of other kills in the entire game.
 E = Experience gained in this place as a percentage of experience gained in the entire game.
 F = Experience gained in this place divided by the number of levels of this place that you have seen.
                   A       B       C       D       E      F
               +-------+-------+-------+-------+-------+----------------------
         Total | 100.0 | 100.0 | 100.0 | 100.0 | 100.0 |  35.7
       Dungeon | 100.0 | 100.0 | 100.0 | 100.0 | 100.0 |  35.7
               +-------+-------+-------+-------+-------+----------------------

Table legend: (Time is in decaauts)
 A = Elapsed time spent in this place.
 B = Non-inter-level travel time spent in this place.
 C = Inter-level travel time spent in this place.
 D = Time resting spent in this place.
 E = Time spent auto-exploring this place.
 F = Levels seen in this place.
 G = Mean time per level.
                   A        B        C        D        E       F      G
               +--------+--------+--------+--------+--------+-----+--------+
         Total |   3407 |   3388 |     19 |   1690 |   1255 |   3 | 1135.7 |
       Dungeon |   3407 |   3388 |     19 |   1690 |   1255 |   3 | 1135.7 |
               +--------+--------+--------+--------+--------+-----+--------+

Top non-repeatable levels by time:
     D:1: 1880 daAuts
     D:2: 1358 daAuts
     D:3: 168 daAuts
